 Dungeon Crawl Stone Soup version 0.31-a0-230-g09eb5fc4d3 (webtiles) character file.

Game seed: 7394900100659882828

987 qw the Skirmisher (level 7, -5/61 HPs)
             Began as a Minotaur Hexslinger on July 6, 2023.
             Killed from afar by Dowan (11 damage)
             ... with a puff of frost
             ... on level 5 of the Dungeon.
             The game lasted 00:01:50 (3913 turns).

qw the Skirmisher (Minotaur Hexslinger)             Turns: 3913, Time: 00:01:51

Health: -5/61      AC:  7    Str: 12    XL:     7   Next: 97%
Magic:  7/7        EV: 11    Int: 10    God:
Gold:   225        SH:  0    Dex: 15    Spells: 7/8 levels left

rFire   . . .        Y - +6 sling (freeze)
rCold   . . .        (no shield)
rNeg    . . .        i - +0 ring mail
rPois   .            (helmet restricted)
rElec   .            (no cloak)
rCorr   .            d - +0 pair of gloves
SInv    .            (no boots)
Will    .....        (no amulet)
Stlth   +            (no ring)
HPRegen 0.30/turn    (no ring)
MPRegen 0.10/turn

%: no passive effects
@: about to teleport
A: horns 2, retaliatory headbutt
a: no special abilities


You were on level 5 of the Dungeon.
You visited 1 branch of the dungeon, and saw 5 of its levels.
You also visited: Sewer.

You collected 251 gold pieces.
You spent 26 gold pieces at shops.


Innate Abilities, Weirdness & Mutations

You have a pair of horns on your head.
You reflexively headbutt those who attack you in melee.


   Skills:
 - Level 5.1 Fighting
 + Level 8.2 Ranged Weapons
 - Level 4.1 Armour
 - Level 2.1 Dodging
 - Level 1.0 Spellcasting
 - Level 2.0 Hexes


You had 7 spell levels left.
You knew the following spells:

 Your Spells              Type           Power      Damage    Failure   Level
a - Slow                  Hex            16%        N/A       32%         1

Your spell library contained the following spells:

 Spells                   Type           Power      Damage    Failure   Level
 Inner Flame              Hex/Fire       2%         N/A       82%         3
 Portal Projectile        Hex/Tloc       4%         N/A       82%         3
 Cause Fear               Hex            2%         N/A       97%         4

Inventory:

Hand Weapons
 Y - a +6 sling of freezing (weapon)
Armour
 d - a +0 pair of gloves (worn)
 i - a +0 ring mail (worn)
Scrolls
 c - a scroll of fog {unknown}
 h - a scroll of identify
 j - a scroll of teleportation
Potions
 a - a potion of mutation {unknown}
 b - 2 potions of haste
 e - a potion of ambrosia {unknown}
 f - a potion of attraction {unknown}
 g - a potion of brilliance {unknown}
 k - a potion of heal wounds
 l - a potion of might

Dungeon Overview and Level Annotations

Branches:
Dungeon (5/15)              Sewer (visited)
 Temple: D:4-7

Altars:

Shops:
D:1 ?

Annotations:
D:2 1 runed translucent door, Crazy Yiuf
D:4 3 runed translucent doors, qw's ghost, amateur GrFi
D:5 Dowan; Duvessa


Message History

Dowan hits you with a +0 dagger. Duvessa barely misses you.
You shoot a sling bullet.
The sling bullet hits Duvessa but does no damage.
Duvessa is heavily wounded.
Dowan barely misses you. Duvessa hits you but does no damage.
You shoot a sling bullet.
The sling bullet hits Duvessa but does no damage.
Duvessa is heavily wounded.
Dowan closely misses you. Duvessa hits you with a +0 short sword.
You shoot a sling bullet.
The sling bullet hits Duvessa but does no damage.
Duvessa is heavily wounded.
Dowan hits you with a +0 dagger. Duvessa hits you but does no damage.
You shoot a sling bullet.
The sling bullet hits Duvessa but does no damage.
Duvessa is heavily wounded.
Dowan closely misses you. You furiously retaliate!
You headbutt Dowan. Duvessa hits you with a +0 short sword.
You shoot a sling bullet.
The sling bullet hits Duvessa but does no damage.
Duvessa is heavily wounded.
Dowan hits you with a +0 dagger. Duvessa closely misses you.
Dowan barely misses you.
You shoot a sling bullet. The sling bullet hits Duvessa.
The sling bullet freezes Duvessa.
Duvessa is severely wounded.
Duvessa hits you with a +0 short sword. Dowan hits you with a +0 dagger.
You shoot a sling bullet. The sling bullet barely misses Duvessa.
Duvessa hits you with a +0 short sword! Dowan hits you but does no damage.
You shoot a sling bullet.
The sling bullet hits Duvessa but does no damage.
Duvessa is severely wounded.
Duvessa hits you with a +0 short sword! Dowan hits you but does no damage.
3913 ||| READING 2 scrolls of teleportation.
As you read the scroll of teleportation, it crumbles to dust.
You feel strangely unstable. Duvessa hits you with a +0 short sword.
Dowan casts a spell at you. The puff of frost hits you!
You die...

#. ....## #.
..... #. ....
#.# ... #.#
.. # #.#
.##.#
##.####e...#
#.....@e.#
#.#.####.#
#.#.# #
####.#.####.#
#......>....#
#.##.#.###..#
#.##[#.# ..
#.##....
#.####.##


You could see Duvessa and Dowan.

Vanquished Creatures
  Sigmund (D:4)
  2 bullfrogs (Sewer)
  2 killer bees (D:5)
  2 orc priests
  A hound (D:4)
  An iguana (D:4)
  5 orc wizards
  4 gnolls
  8 river rats (Sewer)
  13 adders
  2 worms
  3 dart slugs
  15 orcs
  16 ball pythons
  4 endoplasms
  2 giant cockroaches
  8 goblins
  6 hobgoblins
  4 jackals (D:4)
  6 quokkas
  5 bats
  10 frilled lizards
  6 kobolds
  25 rats
151 creatures vanquished.

Notes
Turn   | Place    | Note
-------+----------+-------------------------------------------
     0 | D:1      | qw the Minotaur Hexslinger began the quest for the Orb.
     0 | D:1      | Reached XP level 1. HP: 16/16 MP: 1/1
     0 | D:1      | 0 ||| qw: Version: 0.3-a-46-gb1f654a
     0 | D:1      | 0 ||| qw: Game counter: 1789
     0 | D:1      | 0 ||| qw: Melee chars always use a shield: true
     0 | D:1      | 0 ||| qw: God list: Okawaru
     0 | D:1      | 0 ||| qw: Allow faded altars: false
     0 | D:1      | 0 ||| qw: Do Orc after clearing Dungeon:15 true
     0 | D:1      | 0 ||| qw: Do second Lair branch before Depths: true
     0 | D:1      | 0 ||| qw: Lair rune preference: random
     0 | D:1      | 0 ||| qw: Goals: Normal
     0 | D:1      | 0 ||| PLANNING D:1-11
   228 | D:1      | Reached skill level 3 in Ranged Weapons
   239 | D:1      | Reached XP level 2. HP: 23/23 MP: 2/2
   632 | D:1      | Found Methiqor's Magic Scroll Boutique.
   635 | D:1      | 635 ||| SHOPLISTING scroll of enchant weapon (97 gold, have
                  | 49).
   635 | D:1      | 635 ||| BUYING scroll of identify (26 gold).
   635 | D:1      | Bought a scroll of identify for 26 gold pieces
   635 | D:1      | 635 ||| SHOPLISTING scroll of identify (26 gold, have 23).
   635 | D:1      | 635 ||| SHOPLISTING scroll of teleportation (39 gold, have
                  | 23).
   698 | D:1      | Reached XP level 3. HP: 30/30 MP: 3/3
   789 | D:1      | 789 ||| UPGRADING to +0 pair of gloves.
   794 | D:1      | 794 ||| UPGRADING to +0 ring mail.
   804 | D:1      | 804 ||| DROPPING +0 robe.
   805 | D:1      | 805 ||| READING scroll labelled JENUJO CUOKIH.
   806 | D:1      | 806 ||| READING scroll labelled VUEKKA CIWEA.
   807 | D:1      | 807 ||| READING scroll labelled BIUNTUCREO.
   808 | D:1      | 808 ||| DROPPING scroll of poison.
  1004 | D:2      | Reached skill level 4 in Ranged Weapons
  1116 | D:2      | Reached skill level 1 in Armour
  1116 | D:2      | Reached XP level 4. HP: 37/37 MP: 4/4
  1257 | D:2      | 1257 ||| READING scroll of enchant weapon.
  1257 | D:2      | 1257 ||| ENCHANTING +2 sling of freezing.
  1264 | D:2      | Found a runed translucent door.
  1264 | D:2      | Identified the +6 hammer "Gutrygo" {speed, rF+ Int+2 SInv}
  1265 | D:2      | Noticed Crazy Yiuf
  1316 | D:2      | 1316 ||| READING scroll labelled TILEISHR IT LEN.
  1317 | D:2      | 1317 ||| READING 2 scrolls of identify.
  1317 | D:2      | 1317 ||| IDENTIFYING blue potion
  1318 | D:2      | 1318 ||| DROPPING potion of invisibility.
  1825 | D:3      | Reached skill level 5 in Ranged Weapons
  2082 | D:3      | Reached skill level 3 in Fighting
  2082 | D:3      | Reached XP level 5. HP: 45/45 MP: 5/5
  2120 | D:3      | 2120 ||| READING scroll labelled VUVAEMNAILO.
  2121 | D:3      | 2121 ||| READING scroll labelled OPHOQUN SEBOAC.
  2126 | D:3      | 2126 ||| READING 2 scrolls of identify.
  2126 | D:3      | 2126 ||| IDENTIFYING bubbling grey potion
  2203 | D:4      | 2203 ||| PLANNING SEWER
  2209 | D:4      | 2209 ||| STAIRDANCE
  2326 | D:4      | 2326 ||| STAIRDANCE
  2361 | D:4      | 2361 ||| STAIRDANCE
  2440 | D:4      | Noticed an ice beast
  2440 | D:4      | Noticed qw's ghost (amateur GrFi)
  2461 | D:4      | Reached skill level 6 in Ranged Weapons
  2468 | D:4      | Found a runed translucent gate.
  2468 | D:4      | Found a runed translucent gate.
  2468 | D:4      | Found a runed translucent gate.
  2551 | D:4      | Reached XP level 6. HP: 52/52 MP: 6/6
  2650 | D:4      | Found a glowing drain.
  2651 | D:4      | 2651 ||| READING scroll labelled FECAWK FIGECI.
  2652 | D:4      | 2652 ||| DRINKING 2 lumpy pink potions.
  2677 | D:4      | 2677 ||| DROPPING potion of lignification.
  2690 | Sewer    | Entered a sewer
  2704 | Sewer    | 2704 ||| Stepping ~*~*~tactically~*~*~ (water).
  2893 | Sewer    | 2893 ||| FLEEEEING.
  2894 | Sewer    | 2894 ||| FLEEEEING.
  3018 | Sewer    | 3018 ||| READING scroll of enchant weapon.
  3018 | Sewer    | 3018 ||| ENCHANTING +3 sling of freezing.
  3036 | Sewer    | 3036 ||| Stepping ~*~*~tactically~*~*~ (water).
  3054 | Sewer    | Reached skill level 7 in Ranged Weapons
  3059 | Sewer    | Reached XP level 7. HP: 19/59 MP: 7/7
  3218 | Sewer    | 3218 ||| READING 2 scrolls of enchant weapon.
  3218 | Sewer    | 3218 ||| ENCHANTING +4 sling of freezing.
  3219 | Sewer    | 3219 ||| READING scroll of enchant weapon.
  3219 | Sewer    | 3219 ||| ENCHANTING +5 sling of freezing.
  3222 | Sewer    | 3222 ||| READING scroll labelled ONUTUZ TALOPREX.
  3223 | Sewer    | 3223 ||| DRINKING 2 black potions.
  3224 | Sewer    | 3224 ||| DRINKING 2 orange potions.
  3225 | Sewer    | 3225 ||| READING 2 scrolls of identify.
  3225 | Sewer    | 3225 ||| IDENTIFYING dark potion
  3226 | Sewer    | 3226 ||| DROPPING potion of magic.
  3230 | D:4      | 3230 ||| PLANNING D:1-11
  3305 | D:4      | Reached skill level 8 in Ranged Weapons
  3383 | D:4      | Noticed Sigmund
  3389 | D:4      | Killed Sigmund
  3645 | D:5      | Entered Level 5 of the Dungeon
  3668 | D:5      | 3668 ||| FLEEEEING.
  3669 | D:5      | 3669 ||| FLEEEEING.
  3670 | D:5      | 3670 ||| FLEEEEING.
  3671 | D:5      | 3671 ||| FLEEEEING.
  3672 | D:5      | 3672 ||| FLEEEEING.
  3673 | D:5      | 3673 ||| FLEEEEING.
  3674 | D:5      | 3674 ||| FLEEEEING.
  3675 | D:5      | 3675 ||| FLEEEEING.
  3676 | D:5      | 3676 ||| STAIRDANCE
  3888 | D:5      | Noticed Duvessa
  3888 | D:5      | Noticed Dowan
  3912 | D:5      | HP: 11/61 [Duvessa/+0 short sword (7)]
  3913 | D:5      | 3913 ||| READING 2 scrolls of teleportation.
  3913 | D:5      | Killed from afar by Dowan

Levels and vault maps discovered:
D:1:      scummos_arrival_simple_crosswalls, layout_basic, serial_shops,
          nicolae_shop_trees, minivault_25, corexii_corridor_pit, nicolae_titane
D:2:      layout_rooms, uniq_crazy_yiuf_cottage
D:3:      layout_basic, hangedman_decor_points, serial_bayou_pond_e,
          nicolae_underground_beach
D:4:      layout_loops_ring, cheibrodos_sewer_entry_bend, gammafunk_ghost_icy,
          uniq_sigmund
D:5:      layout_loops_ring, nzn_overflow_gifts_of_might_and_magic,
          nicolae_dithmenos_shadow_blocks, minmay_overflow_temple_hex,
          gammafunk_ghost_split, uniq_ijyb, uniq_eustachio, uniq_duvessa

Skill      XL: |  1  2  3  4  5  6  7 |
---------------+----------------------+-----
Ranged Weapons | 3 4 5 6 7 8 |  8.2
Fighting       | 2 3 4 5 |  5.1
Armour         | 1 4 |  4.1
Dodging        | |  2.1
Spellcasting   | |  1.0
Hexes          | |  2.0

Action                     |  1- 3 |  4- 6 |  7- 9 || total
---------------------------+-------+-------+-------++-------
   Fire: Sling             |    96 |   266 |    67 ||   429
    Use: Scroll            |     3 |     8 |     5 ||    16
         Potion            |       |     1 |     2 ||     3
 Armour: Ring mail         |     8 |    65 |    19 ||    92
  Dodge: Dodged            |    15 |    97 |    22 ||   134

Table legend:
 A = Non-vault XP
 B = Vault XP
 C = Vault XP percentage of total XP
 D = Non-vault monster count
 E = Vault monster count
 F = Vault count percentage of total count
                 A         B        C        D         E       F
            +---------+---------+-------+---------+---------+-------
      Total |     767 |     643 |  45.6 |     101 |      50 |  33.1
            +---------+---------+-------+---------+---------+-------
        D:1 |      45 |       0 |   0.0 |      20 |       0 |   0.0
        D:2 |      57 |       0 |   0.0 |      19 |       0 |   0.0
        D:3 |     217 |       0 |   0.0 |      33 |       0 |   0.0
        D:4 |     232 |     231 |  49.9 |      22 |       2 |   8.3
        D:5 |     216 |       0 |   0.0 |       7 |       0 |   0.0
      Sewer |       0 |     412 | 100.0 |       0 |      48 | 100.0
            +---------+---------+-------+---------+---------+-------
